 Dungeon Crawl Stone Soup version 0.27.0-1-g7a089689b8 (webtiles) character file.

Game seed: 12255836903971394693

79 tilp the Chopper (level 4, -4/35 HPs)
             Began as a Formicid Warper on Aug 3, 2021.
             Slain by a hobgoblin (5 damage)
             ... on level 2 of the Dungeon.
             The game lasted 00:04:00 (2707 turns).

tilp the Chopper (Formicid Warper)                  Turns: 2707, Time: 00:04:00

Health: -4/35      AC:  6    Str: 17    XL:     4   Next: 62%
Magic:  7/7        EV:  9    Int: 12    God:
Gold:   76         SH:  0    Dex: 10    Spells: 7/7 levels left

rFire    . . .     SeeInvis +   a - +0 hand axe
rCold    . . .     Faith    .   (no shield)
rNeg     . . .     Spirit   .   h - +0 scale mail
rPois    .         Reflect  .   (helmet unavailable)
rElec    .         Harm     .   (no cloak)
rCorr    .         Rampage  .   (no gloves)
Will     .....                  (no boots)
Stlth    ..........             (no amulet)
HPRegen  0.11/turn              (no ring)
MPRegen  0.10/turn              (no ring)

@: no status effects
A: permanent stasis, dig shafts and tunnels, antennae 3, four strong arms
a: Dig, Shaft Self


You were on level 2 of the Dungeon.
You visited 1 branch of the dungeon, and saw 2 of its levels.

You collected 76 gold pieces.

Inventory:

Hand Weapons
 a - a +0 hand axe (weapon)
Missiles
 c - 3 boomerangs of dispersal (quivered)
 l - 8 poisoned darts
Armour
 h - a +0 scale mail (worn)
Scrolls
 d - a scroll of identify
 k - a scroll of fog {unknown}
 m - a scroll of summoning {unknown}
Potions
 b - a potion of lignification {unknown}
 e - a potion of invisibility
 f - a potion of haste {unknown}
 g - a potion of resistance
 i - 2 potions of curing {unknown}
 j - a potion of ambrosia {unknown}


   Skills:
 + Level 3.2 Fighting
 * Level 3.8 Axes
 - Level 1.0 Throwing
 - Level 1.1 Armour
 - Level 1.7 Dodging
 - Level 2.1 Spellcasting
 - Level 2.6 Translocations


You had 7 spell levels left.
You didn't know any spells.
Your spell library contained the following spells:

 Spells                   Type           Power      Damage    Failure   Level
 Foxfire                  Conj/Fire      4%         2x1d4     67%         1
 Magic Dart               Conj           4%         1d3       67%         1
 Gell's Gravitas          Tloc           3%         N/A       67%         3
 Lesser Beckoning         Tloc           3%         N/A       67%         3
 Teleport Other           Tloc           7%         N/A       67%         3
 Searing Ray              Conj           2%         3d3       82%         2
 Fulminant Prism          Conj/Hex       0%         3d6       100%        4
 Manifold Assault         Tloc           7%         N/A       100%        5
 Blink                    Tloc           Unusable   N/A       N/A         2

Dungeon Overview and Level Annotations

Branches:
Dungeon (2/15)

Altars:

Annotations:
D:2 Terence


Innate Abilities, Weirdness & Mutations

You cannot be hasted, slowed, berserked, paralysed or teleported.
You can dig through walls and to a lower floor.
You have a pair of large antennae on your head. (SInv)
Your four strong arms can wield two-handed weapons with a shield.


Message History

The hobgoblin hits you with a +2 dagger of freezing.
The hobgoblin freezes you.
You barely miss the hobgoblin.
The hobgoblin hits you with a +2 dagger of freezing.
The hobgoblin freezes you.
You hit the hobgoblin but do no damage.
The hobgoblin hits you with a +2 dagger of freezing.
The hobgoblin freezes you.
You completely miss the hobgoblin. The hobgoblin barely misses you.
Your scale mail prevents you from hitting the hobgoblin.
The hobgoblin hits you with a +2 dagger of freezing.
The hobgoblin freezes you.
You completely miss the hobgoblin.
The hobgoblin hits you with a +2 dagger of freezing.
* * * LOW HITPOINT WARNING * * *
The hobgoblin freezes you.
* * * LOW HITPOINT WARNING * * *
You hit the hobgoblin.
The hobgoblin is heavily wounded.
The hobgoblin hits you with a +2 dagger of freezing.
* * * LOW HITPOINT WARNING * * *
The hobgoblin freezes you.
* * * LOW HITPOINT WARNING * * *
You closely miss the hobgoblin.
The hobgoblin is heavily wounded.
The hobgoblin barely misses you.
You closely miss the hobgoblin.
The hobgoblin is heavily wounded.
The hobgoblin hits you with a +2 dagger of freezing.
* * * LOW HITPOINT WARNING * * *
The hobgoblin freezes you.
* * * LOW HITPOINT WARNING * * *
Unknown command.
Throw: 4 boomerangs (disperse)
Press: ? - help, Shift-Dir - straight line, f - hobgoblin
Aim: a hobgoblin, wielding a +2 dagger of freezing (moderately wounded, 56% to hit)
You throw a boomerang of dispersal.
The boomerang of dispersal barely misses the hobgoblin.
The hobgoblin hits you with a +2 dagger of freezing.
You die...

####(# ##...# ##.###
##.# ##.# #### #..#
...# #.## ...# #.#
############...#
#.####.........g@/..#
#.#....##.......#...#
..†..)....#######...#
.########## .$.# .#
#### ## # # ####


You could see a hobgoblin.

Vanquished Creatures
  2 adders (D:1)
  A dart slug (D:1)
  5 endoplasms (D:1)
  3 giant cockroaches
  3 goblins
  5 hobgoblins
  7 jackals
  8 kobolds
  3 quokkas
  9 ball pythons
  4 bats
  2 frilled lizards
  A rat (D:1)
53 creatures vanquished.

Vanquished Creatures (others)
  A fungus (D:1)
  5 plants (D:2)
6 creatures vanquished.

Grand Total: 59 creatures vanquished

Notes
Turn   | Place    | Note
-------+----------+-------------------------------------------
     0 | D:1      | tilp the Formicid Warper began the quest for the Orb.
     0 | D:1      | Reached XP level 1. HP: 16/16 MP: 3/3
   283 | D:1      | Reached XP level 2. HP: 9/23 MP: 5/5
   589 | D:1      | Found a faded altar of an unknown god.
   601 | D:1      | Got Plato's Papyrus of Conjuration
   653 | D:1      | Reached XP level 3. HP: 20/28 MP: 6/6
  1623 | D:2      | Noticed Terence
  1632 | D:1      | Reached XP level 4. HP: 19/35 MP: 7/7
  2704 | D:2      | HP: 1/35 [hobgoblin (2)]
  2707 | D:2      | Slain by a hobgoblin

Illustrated notes

Levels and vault maps discovered:
D:1:      lemuel_arrival_cross, layout_rooms,
          shapermc_ecumenical_altar_rom_forum
D:2:      layout_rooms, minmay_shallow_snake_nest, uniq_terence

Skill      XL: |  1  2  3 |
---------------+----------+-----
Axes           | 3 |  3.8
Fighting       | 3 |  3.2
Throwing       | |  1.0
Armour         | |  1.1
Dodging        | |  1.7
Spellcasting   | |  2.1
Translocations | |  2.6

Action                   |  1- 3 |  4- 6 || total
-------------------------+-------+-------++-------
Melee: Hand axe          |   127 |    59 ||   186
Throw: Boomerang         |     1 |     1 ||     2
  Use: Scroll            |     4 |       ||     4
Armor: Leather armour    |    50 |     7 ||    57
       Scale mail        |       |    11 ||    11
Dodge: Dodged            |   102 |    37 ||   139
